 Dungeon Crawl Stone Soup version 0.31-a0-1206-g41278d8d1d (webtiles) character file.

Game seed: 11813260199965415913

203 Beryl the Grave Robber (level 5, -3/35 HPs)
             Began as a Demonspawn Necromancer on Dec 13, 2023.
             Was an Initiate of Vehumet.
             Slain by an ogre
             ... wielding a +0 giant club
              (9 damage)
             ... on level 5 of the Dungeon.
             The game lasted 00:14:11 (3995 turns).

Beryl the Grave Robber (Demonspawn Necromancer)     Turns: 3995, Time: 00:14:12

Health: -3/35      AC:  7    Str:  9    XL:     5   Next: 51%
Magic:  10/10      EV: 12    Int: 17    God:    Vehumet [......]
Gold:   269        SH:  4    Dex: 15    Spells: 3/10 levels left

rFire   + + .        b - +0 spear
rCold   . . .        (no shield)
rNeg    . . .        a - +0 robe
rPois   +            (no helmet)
rElec   +            q - +0 cloak
rCorr   +            (no gloves)
SInv    .            (no boots)
Will    .....        (no amulet)
Stlth   +++          k - +4 ring of protection
HPRegen 0.25/turn    x - ring of fire
MPRegen 0.12/turn

%: no passive effects
@: resistant
A: thin skeletal structure 1, foul stench 1, condensation shield
a: Renounce Religion


You were on level 5 of the Dungeon.
You worshipped Vehumet.
Vehumet was noncommittal.
You visited 2 branches of the dungeon, and saw 6 of its levels.

You collected 269 gold pieces.

Inventory:

Hand Weapons
 b - a +0 spear (weapon)
 e - a +0 dagger
 j - a +2 sling of freezing
Missiles
 m - 2 atropa-tipped darts
Armour
 a - a +0 robe (worn)
 g - a +0 chain mail
 q - a +0 cloak (worn)
Jewellery
 k - a +4 ring of protection (left hand)
 x - a ring of fire (right hand)
Wands
 n - a wand of flame (20)
Scrolls
 c - a scroll of silence {unknown}
 d - 2 scrolls of amnesia
 f - a scroll of teleportation {unknown}
 i - a scroll of immolation {unknown}
 l - a scroll of revelation {unknown}
 o - a scroll of fog {unknown}
 s - a scroll of fear {unknown}
 t - 3 scrolls of blinking
 y - a scroll of enchant armour {unknown}
Potions
 h - a potion of cancellation {unknown}
 r - 2 potions of curing {unknown}
 v - 2 potions of lignification {unknown}
 w - a potion of mutation {unknown}
 z - a potion of might {unknown}


   Skills:
 - Level 1.7 Dodging
 - Level 1.7 Stealth
 + Level 3.4 Spellcasting
 * Level 6.6 Necromancy


You had 3 spell levels left.
You knew the following spells:

 Your Spells              Type           Power      Damage    Failure   Level
b - Vampiric Draining     Necr           25%        2d7       3%          3
c - Animate Dead          Necr           25%        N/A       11%         4

Your spell library contained the following spells:

 Spells                   Type           Power      Damage    Failure   Level
 Necrotise                Necr           100%       1d9       1%          1
 Agony                    Necr           25%        N/A       30%         5


Dungeon Overview and Level Annotations

Branches:
Dungeon (5/15)             Temple (1/1) D:4

Altars:
Cheibriados
Dithmenos
Gozag
Hepliaklqana
Okawaru
Qazlal
Ru
Trog
Vehumet
Wu Jian
Xom
Yredelemnul

Annotations:
D:3 1 runed translucent door, Dynojp's ghost, weakling DrFE
Temple 2 transporters


Innate Abilities, Weirdness & Mutations

You have a somewhat thin skeletal structure. (Dex +2, Stealth+)
You may rarely emit foul miasma when damaged in melee.
A meltable shield of frost defends you. (SH +4)


Message History

The ogre hits your adder zombie with a +0 giant club!!
Your adder zombie is destroyed!
Found a potion of resistance.
You hit the ogre but do no damage.
The ogre is lightly wounded.
You block the ogre's attack.
You hit the ogre.
The ogre is lightly wounded.
The ogre closely misses you.
You hit the ogre.
The ogre is moderately wounded.
The ogre barely misses you.
You hit the ogre but do no damage.
The ogre is moderately wounded.
You hit the ogre.
The ogre is moderately wounded.
The ogre hits you with a +0 giant club!
You barely miss the ogre.
The ogre is moderately wounded.
You block the ogre's attack.
You hit the ogre.
The ogre is heavily wounded.
The ogre hits you with a +0 giant club!
* * * LOW HITPOINT WARNING * * *
You hit the ogre.
The ogre is heavily wounded.
You feel protected. The ogre barely misses you.
You closely miss the ogre.
The ogre is heavily wounded.
You block the ogre's attack.
You hit the ogre.
The ogre is severely wounded.
You barely miss the ogre.
The ogre is severely wounded.
The ogre barely misses you.
You hit the ogre.
The ogre is severely wounded.
The ogre hits you with a +0 giant club!
You die...

## #...# #...# #...#
#...# #...# ! #...# ..
#####...######## #.###
...............#......
..............@O.#
...............###
#####...######## #...#
#...# #...# #...# #.


You could see an ogre.

Vanquished Creatures
  A sleepcap (D:5)
  Terence (D:3)
  Ijyb (D:3)
  2 gnolls (D:2)
  3 adders
  2 worms
  A dart slug (D:4)
  4 orcs
  6 bats
  3 endoplasms
  2 giant cockroaches
  4 goblins
  6 hobgoblins
  3 quokkas
  4 ball pythons
  5 frilled lizards
  8 kobolds
  3 rats (D:2)
59 creatures vanquished.

Vanquished Creatures (collateral kills)
  A gnoll (D:2)
  An endoplasm (D:2)
  A hobgoblin (D:2)
  A bat (D:3)
4 creatures vanquished.

Vanquished Creatures (others)
  An adder zombie (D:5)
  A kobold zombie (D:4)
  2 orc zombies (D:5)
4 creatures vanquished.

Grand Total: 67 creatures vanquished

Notes
Turn   | Place    | Note
-------+----------+-------------------------------------------
     0 | D:1      | Beryl the Demonspawn Necromancer began the quest for the
                  | Orb.
     0 | D:1      | Reached XP level 1. HP: 13/13 MP: 3/3
   665 | D:1      | Gained mutation: A meltable shield of frost defends you.
                  | (SH +4) [demonic ancestry]
   665 | D:1      | Reached XP level 2. HP: 19/19 MP: 1/5
  1100 | D:2      | Reached skill level 5 in Necromancy
  1365 | D:2      | Reached XP level 3. HP: 24/24 MP: 3/6
  1770 | D:2      | Gained mutation: You have a somewhat thin skeletal
                  | structure. (Dex +2, Stealth+) [demonic ancestry]
  1770 | D:2      | Reached XP level 4. HP: 30/30 MP: 4/8
  2103 | D:3      | Learned a level 3 spell: Vampiric Draining
  2157 | D:3      | Noticed Ijyb
  2180 | D:3      | Killed Ijyb
  2337 | D:3      | Found a runed translucent door.
  2337 | D:3      | Noticed Dynojp's ghost (weakling DrFE)
  2357 | D:3      | Noticed Terence
  2369 | D:3      | Reached skill level 6 in Necromancy
  2376 | D:3      | Killed Terence
  2692 | D:3      | Gained mutation: You may rarely emit foul miasma when
                  | damaged in melee. [demonic ancestry]
  2692 | D:3      | Reached XP level 5. HP: 35/35 MP: 7/9
  2896 | D:4      | Learned a level 4 spell: Animate Dead
  3278 | D:4      | Found an ornate altar of the Wu Jian Council.
  3442 | D:4      | Found a staircase to the Ecumenical Temple.
  3451 | Temple   | Found a transporter.
  3451 | Temple   | Found a transporter.
  3451 | Temple   | Found a transporter.
  3451 | Temple   | Found a transporter.
  3451 | Temple   | Entered the Ecumenical Temple
  3499 | Temple   | Became a worshipper of Vehumet
  3708 | D:5      | Entered Level 5 of the Dungeon
  3975 | D:5      | Noticed an ogre
  3995 | D:5      | Slain by an ogre

Illustrated notes

Levels and vault maps discovered:
D:1:      dpeg_arrival_fog, layout_loops_corners
D:2:      layout_basic
D:3:      layout_basic, gammafunk_ghost_grave, uniq_ijyb, uniq_terence
D:4:      layout_cave_pools, amcnicky_altar_gilded,
          minmay_temple_entry_nine_rooms
D:5:      layout_loops_cross, supply_closet_lemuel
Temple:   hellmonk_temple_divided_pantheon

Skill      XL: |  1  2  3  4 |
---------------+-------------+-----
Necromancy     | 5 6 |  6.6
Spellcasting   | 3 |  3.4
Dodging        | |  1.7
Stealth        | |  1.7

Action                     |  1- 3 |  4- 6 || total
---------------------------+-------+-------++-------
  Melee: Unarmed           |     3 |       ||     3
         Dagger            |    40 |       ||    40
         Spear             |       |   105 ||   105
   Cast: Necrotise         |    54 |    53 ||   107
         Animate Dead      |       |     5 ||     5
    Use: Potion            |     2 |     2 ||     4
         Scroll            |       |     3 ||     3
   Stab: Distracted        |       |     1 ||     1
 Armour: Robe              |    42 |    59 ||   101
  Dodge: Dodged            |    52 |    68 ||   120
  Block: Other             |    17 |    11 ||    28

Table legend: (Time is in decaauts)
 A = Elapsed time spent in this place.
 B = Non-inter-level travel time spent in this place.
 C = Inter-level travel time spent in this place.
 D = Time resting spent in this place.
 E = Time spent auto-exploring this place.
 F = Levels seen in this place.
 G = Mean time per level.
                   A        B        C        D        E       F      G
               +--------+--------+--------+--------+--------+-----+--------+
         Total |   4014 |   3948 |     66 |      9 |   3245 |   6 |  669.0 |
       Dungeon |   3945 |   3879 |     66 |      9 |   3245 |   5 |  789.0 |
        Temple |     68 |     68 |      0 |      0 |      0 |   1 |   68.0 |
               +--------+--------+--------+--------+--------+-----+--------+

Top non-repeatable levels by time:
     D:2: 1112 daAuts
     D:1: 951 daAuts
     D:3: 838 daAuts
     D:4: 751 daAuts
     D:5: 291 daAuts
  Temple: 68 daAuts
